 Dungeon Crawl Stone Soup version 0.31-a0-662-g684573625c (webtiles) character file.

Game seed: 122270916384273185

452 Ge0ff the Conjurer (level 6, 0/37 HPs)
             Began as a Deep Elf Warper on Sept 1, 2023.
             Slain by a centaur (6 damage)
             ... on level 5 of the Dungeon.
             The game lasted 00:10:58 (4911 turns).

Ge0ff the Conjurer (Deep Elf Warper)                Turns: 4911, Time: 00:10:59

Health: 0/37       AC:  3    Str:  8    XL:     6   Next: 75%
Magic:  23/23      EV: 12    Int: 20    God:
Gold:   179        SH:  0    Dex: 14    Spells: 5/13 levels left

rFire   . . .        a - +4 short sword
rCold   . . .        (no shield)
rNeg    . . .        b - +0 leather armour
rPois   .            A - +0 hat
rElec   .            (no cloak)
rCorr   .            (no gloves)
SInv    +            (no boots)
Will    .....        (no amulet)
Stlth   +            N - ring of magical power {=R}
HPRegen 0.26/turn    V - ring of see invisible
MPRegen 0.18/turn

%: no passive effects
@: no status effects
A: no striking features
a: no special abilities


You were on level 5 of the Dungeon.
You visited 1 branch of the dungeon, and saw 5 of its levels.

You collected 179 gold pieces.

Inventory:

Hand Weapons
 a - a +4 short sword (weapon)
Missiles
 d - 7 darts of dispersal
 C - 4 poisoned darts
 D - 39 stones
 T - 5 boomerangs
Armour
 b - a +0 leather armour (worn)
 z - a +0 pair of gloves
 A - a +0 hat (worn)
 I - a +0 kite shield
 J - a +0 pair of gloves
Jewellery
 M - an amulet of faith
 N - a ring of magical power (left hand) {=R}
 Q - a ring of ice
 V - a ring of see invisible (right hand)
Wands
 k - a wand of iceblast (12)
Scrolls
 i - a scroll of identify
 m - a scroll of revelation
 B - 3 scrolls of blinking
 F - 4 scrolls of fog
 G - a scroll of immolation {unknown}
 K - a scroll of enchant weapon {unknown}
 O - 2 scrolls of teleportation {unknown}
 U - a scroll of fear {unknown}
 W - a scroll of torment {unknown}
 X - a scroll of poison {unknown}
Potions
 q - 2 potions of curing
 E - a potion of berserk rage {unknown}
 H - a potion of magic {unknown}
 L - a potion of haste {unknown}
 P - 2 potions of attraction {unknown}
 R - a potion of heal wounds {unknown}
 S - 2 potions of mutation {unknown}
 Y - 2 potions of enlightenment {unknown}
 Z - a potion of cancellation {unknown}


   Skills:
 - Level 3.0 Fighting
 - Level 3.0 Short Blades
 - Level 1.0 Throwing
 - Level 1.0 Armour
 - Level 2.4 Dodging
 - Level 1.0 Stealth
 - Level 4.0 Spellcasting
 * Level 5.3 Conjurations
 - Level 3.2 Translocations
 + Level 1.7 Evocations


You had 5 spell levels left.
You knew the following spells:

 Your Spells              Type           Power      Damage    Failure   Level
d - Iskenderun's Mystic   Conj/Tloc      21%        2d6       30%         4
j - Searing Ray           Conj           50%        2d6       3%          2
B - Blink                 Tloc           34%        N/A       7%          2

Your spell library contained the following spells:

 Spells                   Type           Power      Damage    Failure   Level
 Magic Dart               Conj           100%       1d8       1%          1
 Lesser Beckoning         Tloc           34%        N/A       7%          2
 Teleport Other           Tloc           17%        N/A       14%         3
 Dazzling Flash           Conj/Hex       28%        N/A       19%         3
 Portal Projectile        Hex/Tloc       20%        N/A       28%         3
 Manifold Assault         Tloc           17%        N/A       43%         4
 Tukima's Dance           Hex            4%         N/A       47%         3
 Fulminant Prism          Conj/Hex       7%         3d7       52%         4
 Vhi's Electric Charge    Tloc/Air       20%        N/A       67%         4
 Agony                    Necr           4%         N/A       99%         5
 Silence                  Hex/Air        2%         N/A       99%         5


Dungeon Overview and Level Annotations

Branches:
Dungeon (5/15) Zot: 25096
 Temple: D:4-7

Altars:
Ru


Message History

The hound is almost dead.
The searing ray hits the shadow imp.
The shadow imp is moderately wounded.
The hound barely misses you.
The searing ray hits the hound.
You kill the hound!
The searing ray hits the shadow imp.
The shadow imp is heavily wounded.
You finish channelling your searing ray.
The shadow imp barely misses you. The shadow imp hits you.
The searing ray hits the shadow imp!
You kill the shadow imp! (Press . to maintain the ray.) HP restored.
You see here a hound corpse.
Unknown command.
You see here a hound corpse.
The searing ray hits the quokka.
The quokka is almost dead. (Press . to maintain the ray.)
The searing ray misses the quokka.
The quokka attacks as it pursues you! The quokka bites you.
The quokka closely misses you.
The searing ray hits the quokka.
You kill the quokka! (Press . to maintain the ray.)
You see here a hound corpse.
Found a falchion.
Found a stone staircase leading down.
Found a stone staircase leading up.
Found a robe.
There is a stone staircase leading down here.
You see here a +0 robe.
B - 3 scrolls of blinking (gained 1)
z - a +0 pair of gloves You see here a hound corpse.
Found a stone staircase leading up.
There is an open door here.
A centaur comes into view.
The centaur shouts!
The centaur wields a +0 shortbow.
The centaur shoots an arrow.
The arrow hits you.
The centaur shoots an arrow.
The arrow hits you.
The centaur shoots an arrow.
The arrow hits you.
The centaur shoots an arrow.
The arrow hits you.
The centaur shoots an arrow.
The arrow hits you!
* * * LOW HITPOINT WARNING * * *
The centaur unwields a +0 shortbow.
The centaur hits you.
You die...

#.#.#####... #.#.........
###############################..
.♣.8.♣.♣.♣.♣.8.8.8.♣.♣.♣........#
..........................#####.#
.♣.♣.♣.♣.♣.♣.♣.♣.♣.8.♣.♣.#.......
##########################.######
#################.###### #.#
................@c...... ..#
#################.########## ##


You could see a centaur.

Vanquished Creatures
  A phantom (D:5)
  A hound (D:5)
  Natasha (thrice) (D:3)
  An orc wizard (D:4)
  2 iguanas (D:4)
  4 gnolls (D:5)
  6 adders
  A shadow imp (D:5)
  An ufetubus (D:5)
  3 worms
  A dart slug (D:4)
  9 orcs
  3 ball pythons
  6 endoplasms
  5 giant cockroaches
  8 goblins
  4 hobgoblins
  4 quokkas
  2 bats (D:2)
  A frilled lizard (D:3)
  7 kobolds
  7 rats
80 creatures vanquished.

Notes
Turn   | Place    | Note
-------+----------+-------------------------------------------
     0 | D:1      | Ge0ff the Deep Elf Warper began the quest for the Orb.
     0 | D:1      | Reached XP level 1. HP: 12/12 MP: 6/6
   303 | D:1      | Reached skill level 1 in Stealth
   303 | D:1      | Reached XP level 2. HP: 17/17 MP: 8/8
   927 | D:2      | Reached XP level 3. HP: 20/21 MP: 9/9
   936 | D:2      | Learned a level 2 spell: Blink
   939 | D:2      | Learned a level 2 spell: Searing Ray
  1359 | D:2      | Reached skill level 1 in Conjurations
  1556 | D:2      | Found a faded altar of an unknown god.
  1625 | D:2      | Found a sacrificial altar of Ru.
  1790 | D:3      | Reached XP level 4. HP: 27/27 MP: 10/10
  1830 | D:3      | Reached skill level 2 in Conjurations
  2183 | D:3      | Noticed Natasha
  2189 | D:3      | Killed Natasha
  2257 | D:3      | Noticed Natasha
  2264 | D:3      | Killed Natasha
  2265 | D:3      | Reached skill level 3 in Conjurations
  2265 | D:3      | Reached XP level 5. HP: 15/32 MP: 11/11
  2376 | D:3      | Noticed Natasha
  2386 | D:3      | Killed Natasha
  3245 | D:4      | Reached skill level 1 in Armour
  3346 | D:4      | Reached skill level 4 in Conjurations
  3619 | D:4      | Learned a level 4 spell: Iskenderun's Mystic Blast
  3759 | D:4      | Reached XP level 6. HP: 13/37 MP: 13/13
  4142 | D:5      | Entered Level 5 of the Dungeon
  4242 | D:5      | Reached skill level 1 in Evocations
  4453 | D:5      | Reached skill level 5 in Conjurations
  4911 | D:5      | Slain by a centaur

Illustrated notes

Levels and vault maps discovered:
D:1:      onia_arrival_handbag, layout_loops_ring, minmay_crystal_room,
          minmay_misc_feat_alley
D:2:      layout_loops_ring, basic_altar, dreamdust_ecumenical_altar_statues
D:3:      layout_loops_ring, uniq_natasha
D:4:      layout_basic
D:5:      layout_basic, chequers_avenue, st_stairs_5, minmay_fountain_box,
          uniq_grinder

Skill      XL: |  1  2  3  4  5  6 |
---------------+-------------------+-----
Stealth        | 1 |  1.0
Fighting       | 2 3 |  3.0
Short Blades   | 3 |  3.0
Conjurations   | 1 3 4 5 |  5.3
Armour         | 1 |  1.0
Spellcasting   | 4 |  4.0
Evocations     | 1 |  1.7
Throwing       | |  1.0
Dodging        | |  2.4
Translocations | |  3.2

Action                     |  1- 3 |  4- 6 || total
---------------------------+-------+-------++-------
  Melee: Short sword       |    94 |     6 ||   100
  Throw: Dart              |     5 |     4 ||     9
         Stone             |    10 |       ||    10
   Cast: Searing Ray       |     1 |    49 ||    50
    Use: Scroll            |       |     3 ||     3
   Stab: Sleeping          |     2 |       ||     2
 Armour: Leather armour    |    36 |    32 ||    68
  Dodge: Dodged            |    35 |    20 ||    55

Table legend: (Time is in decaauts)
 A = Elapsed time spent in this place.
 B = Non-inter-level travel time spent in this place.
 C = Inter-level travel time spent in this place.
 D = Time resting spent in this place.
 E = Time spent auto-exploring this place.
 F = Levels seen in this place.
 G = Mean time per level.
                   A        B        C        D        E       F      G
               +--------+--------+--------+--------+--------+-----+--------+
         Total |   4902 |   4792 |    110 |    187 |   3837 |   5 |  980.4 |
       Dungeon |   4902 |   4792 |    110 |    187 |   3837 |   5 |  980.4 |
               +--------+--------+--------+--------+--------+-----+--------+

Top non-repeatable levels by time:
     D:4: 1258 daAuts
     D:3: 1125 daAuts
     D:2: 988 daAuts
     D:5: 768 daAuts
     D:1: 762 daAuts
